 Dungeon Crawl Stone Soup version 0.10.4 character file.

125 GenialerGandalf the Shield-Bearer (level 4, 0/39 HPs)
             Began as a Hill Orc Fighter on June 15, 2021.
             Slain by FMitz's ghost (1 damage)
             ... on Level 3 of the Dungeon.
             The game lasted 00:09:37 (1884 turns).

GenialerGandalf the Shield-Bearer (HOFi)            Turns: 1884, Time: 00:09:37

HP   0/39        AC  7     Str 19      XL: 4   Next: 25%
MP   3/3         EV  6     Int  8      God:
Gold 65          SH 20     Dex 10      Spells:  0 memorised,  3 levels left

Res.Fire  : . . .   See Invis. : .   a - +0 orc hand axe {=f}
Res.Cold  : . . .   Warding    : . . b - +0 orc scale mail
Life Prot.: . . .   Conserve   : .   c - +0 orc shield
Res.Acid. : . . .   Res.Corr.  : .   (no helmet)
Res.Poison: .       Clarity    : .   (no cloak)
Res.Elec. : .       Spirit.Shd : .   (no gloves)
Sust.Abil.: . .     Stasis     : .   (no boots)
Res.Mut.  : .       Ctrl.Telep.: .   (no amulet)
Res.Rott. : .       Levitation : .   (no ring)
Saprovore : + . .   Ctrl.Flight: .   (no ring)

@: slightly resistant to hostile enchantments, extremely unstealthy
A: saprovore 1
a: no special abilities


You were on level 3 of the Dungeon.
You were not hungry.

You visited 1 branch of the dungeon, and saw 3 of its levels.

You collected 45 gold pieces.

Inventory:

Hand weapons
 a - a +0,+0 orcish hand axe (weapon) {=f}
Armour
 b - a +0 orcish scale mail (worn)
 c - a +0 orcish shield (worn)
Comestibles
 j - a meat ration
Scrolls
 d - a scroll of enchant armour {unknown}
 e - a scroll of fog {unknown}
 f - a scroll of identify {unknown}
 h - a scroll of detect curse {unknown}
Potions
 g - 2 potions of curing {unknown}
Carrion
 i - a hobgoblin skeleton


   Skills:
 + Level 3.9 Fighting
 + Level 2.9 Axes
 + Level 3.8 Armour
 + Level 1.4 Dodging
 + Level 4.2 Shields


You had 3 spell levels left.
You didn't know any spells.

Dungeon Overview and Level Annotations

Branches:
Dungeon (3/27)

Altars:

Annotations
D:3 FMitz's ghost, average MiFi


Innate Abilities, Weirdness & Mutations

You can tolerate rotten meat.


Message History

You block FMitz's ghost's attack.
You hit FMitz's ghost.
FMitz's ghost is severely damaged.
FMitz's ghost hits you.
* * * LOW HITPOINT WARNING * * *
You hit FMitz's ghost but do no damage.
FMitz's ghost is severely damaged.
FMitz's ghost hits you but does no damage.
You hit FMitz's ghost but do no damage.
FMitz's ghost is severely damaged.
You block FMitz's ghost's attack.
You hit FMitz's ghost but do no damage.
FMitz's ghost is heavily damaged.
FMitz's ghost shouts, "Do you think the gods will protect you?"
You block FMitz's ghost's attack. FMitz's ghost hits you!
* * * LOW HITPOINT WARNING * * *
Your shield and scale mail prevent you from hitting FMitz's ghost.
FMitz's ghost is heavily damaged.
FMitz's ghost hits you.
You die...

## #. #.
#.####
###.#..#
#......#
#%.!p..# #
#./.@..#.#
###.#.<..#
#.######
#. #. #.
#. #. .


You could see FMitz's ghost.

Vanquished Creatures
  A hound skeleton (D:1)
  A giant gecko (D:1)
  3 giant cockroaches (D:1)
  4 goblins
  7 hobgoblins (D:1)
  A kobold (D:1)
  4 bats (D:1)
  A giant newt (D:1)
  2 hobgoblin skeletons (D:1)
  A kobold skeleton (D:1)
  5 rats (D:1)
  8 plants (D:1)
38 creatures vanquished.

Vanquished Creatures (others)
  2 toadstools (D:1)
2 creatures vanquished.

Grand Total: 40 creatures vanquished

Notes
Turn   | Place    | Note
--------------------------------------------------------------
     0 | D:1      | GenialerGandalf, the Hill Orc Fighter, began the quest for the Orb.
     0 | D:1      | Reached XP level 1. HP: 19/19 MP: 0/0
   118 | D:1      | Noticed a hobgoblin skeleton
   120 | D:1      | Killed a hobgoblin skeleton
   269 | D:1      | Reached XP level 2. HP: 21/26 MP: 1/1
   497 | D:1      | Noticed a hound skeleton
   505 | D:1      | Killed a hound skeleton
   505 | D:1      | Reached skill level 1 in Dodging
   505 | D:1      | Reached skill level 4 in Shields
   505 | D:1      | Reached XP level 3. HP: 22/33 MP: 2/2
   655 | D:1      | Noticed a hobgoblin skeleton
   661 | D:1      | Killed a hobgoblin skeleton
  1136 | D:1      | Reached XP level 4. HP: 33/39 MP: 3/3
  1154 | D:1      | Noticed a kobold skeleton
  1159 | D:1      | Killed a kobold skeleton
  1863 | D:3      | Noticed FMitz's ghost (average MiFi)
  1883 | D:3      | HP: 1/39 [FMitz's ghost (9)]
  1884 | D:3      | Slain by FMitz's ghost
